TOP OF THE 1ST |
Bismark Border Guards batting - Pitching for Balzac Rams : RHP José Cota
|
Pitching: RHP José Cota
|
|
Batting: RHB Alfredo Farías
|
0-0: Called Strike 0-1: Foul Ball, location: 2F 0-2: Foul Ball, location: 2F 0-2: Ball 1-2: DOUBLE (Line Drive, 89D)
|
Batting: RHB Howard Russell
|
0-0: Foul Ball, location: 2F 0-1: Ball 1-1: Foul Ball, location: 2F 1-2: Single, Error in OF, E7, batter to second base Alfredo Farías scores
|
Batting: LHB José Delgado
|
0-0: Foul Ball, location: 2F 0-1: Ground out U3 (Groundball, 3) Howard Russell to third
|
Batting: RHB Vincent Braun
|
0-0: Called Strike 0-1: Ball 1-1: Ground out 4-3 (Groundball, 4) Howard Russell scores
|
Batting: LHB Cisco Villanueva
|
0-0: Ball 1-0: Ball 2-0: Fly out, F7 (Flyball, 7)
|
Top of the 1st over - 2 run(s), 2 hit(s), 1 error(s), 0 left on base; Bismark 2 - Balzac 0 |
BOTTOM OF THE 1ST |
Balzac Rams batting - Pitching for Bismark Border Guards : RHP Nick Clark
|
Pitching: RHP Nick Clark
|
|
Batting: SHB Emílio Calvillo
|
0-0: Ground out 6-3 (Groundball, 6)
|
Batting: LHB Troy Jackson
|
0-0: Foul Ball, location: 2F 0-1: Ball 1-1: Swinging Strike 1-2: Strikes out swinging
|
Batting: RHB Ken Longoria
|
0-0: Called Strike 0-1: Swinging Strike 0-2: Ball 1-2: SINGLE (Line Drive, 4MD)
|
Batting: RHB Gunner Allen
|
0-0: Called Strike 0-1: Ball 1-1: Swinging Strike 1-2: Strikes out swinging
|
Bottom of the 1st over - 0 run(s), 1 hit(s), 0 error(s), 1 left on base; Bismark 2 - Balzac 0 |
TOP OF THE 2ND |
Bismark Border Guards batting - Pitching for Balzac Rams : RHP José Cota
|
Batting: RHB Leonard Harris
|
0-0: Foul Ball, location: 2F 0-1: Called Strike 0-2: Ball 1-2: Strikes out swinging
|
Batting: LHB Manuel Pérez
|
0-0: Called Strike 0-1: Ball 1-1: Called Strike 1-2: Strikes out swinging
|
Batting: RHB José Vidal
|
0-0: Called Strike 0-1: Ball 1-1: SINGLE (Groundball, 34D)
|
Batting: RHB Chad Battle
|
0-0: Ball José Vidal is caught stealing 2nd base
|
Top of the 2nd over - 0 run(s), 1 hit(s), 0 error(s), 0 left on base; Bismark 2 - Balzac 0 |
BOTTOM OF THE 2ND |
Balzac Rams batting - Pitching for Bismark Border Guards : RHP Nick Clark
|
Batting: RHB Tommy Wilson
|
0-0: Ball 1-0: Ball 2-0: Foul Ball, location: 2F 2-1: Foul Ball, location: 2F 2-2: Strikes out looking
|
Batting: LHB Carlos Romero
|
0-0: Ball 1-0: Ball 2-0: Ball 3-0: Base on Balls
|
Batting: RHB Lorenzo Silva
|
0-0: Ball 1-0: Called Strike 1-1: TRIPLE (Line Drive, 9LM) Carlos Romero scores
|
Batting: RHB Jason Ward
|
0-0: DOUBLE (Flyball, 89XD) Lorenzo Silva scores
|
Batting: RHB Brian Parks
|
0-0: Foul Ball, location: 2F 0-1: Swinging Strike 0-2: Ball 1-2: Foul Ball, location: 2F 1-2: Foul Ball, location: 2F 1-2: Strikes out looking
|
Batting: SHB Emílio Calvillo
|
0-0: Called Strike 0-1: Called Strike 0-2: Strikes out swinging
|
Bottom of the 2nd over - 2 run(s), 2 hit(s), 0 error(s), 1 left on base; Bismark 2 - Balzac 2 |
TOP OF THE 3RD |
Bismark Border Guards batting - Pitching for Balzac Rams : RHP José Cota
|
Batting: RHB Chad Battle
|
0-0: Called Strike 0-1: Swinging Strike 0-2: Ball 1-2: Strikes out swinging
|
Batting: RHB Alfredo Farías
|
0-0: Ball 1-0: Called Strike 1-1: Foul Ball, location: 2F 1-2: Ball 2-2: SINGLE (Line Drive, 89S)
|
Batting: RHB Howard Russell
|
0-0: Ball 1-0: Ball 2-0: Ball 3-0: Called Strike 3-1: Fly out, F5 (Line Drive, 56S)
|
Batting: LHB José Delgado
|
0-0: Ball 1-0: SINGLE (Flyball, 78S) Alfredo Farías to second
|
Batting: RHB Vincent Braun
|
0-0: Called Strike 0-1: Ball 1-1: Foul Ball, location: 2F 1-2: Fly out, F7 (Flyball, 7LM)
|
Top of the 3rd over - 0 run(s), 2 hit(s), 0 error(s), 2 left on base; Bismark 2 - Balzac 2 |
BOTTOM OF THE 3RD |
Balzac Rams batting - Pitching for Bismark Border Guards : RHP Nick Clark
|
Batting: LHB Troy Jackson
|
0-0: Ball 1-0: Swinging Strike 1-1: Foul Ball, location: 2F 1-2: Ball 2-2: Ground out 6-3 (Groundball, 6)
|
Batting: RHB Ken Longoria
|
0-0: Ball 1-0: SOLO HOME RUN (Flyball, 7D), Distance : 416 ft
|
Batting: RHB Gunner Allen
|
0-0: Ball 1-0: Foul Ball, location: 2F 1-1: Called Strike 1-2: Ball 2-2: Strikes out swinging
|
Batting: RHB Tommy Wilson
|
0-0: Foul Ball, location: 2F 0-1: Swinging Strike 0-2: Ball 1-2: Foul Ball, location: 2F 1-2: Strikes out swinging
|
Bottom of the 3rd over - 1 run(s), 1 hit(s), 0 error(s), 0 left on base; Bismark 2 - Balzac 3 |
TOP OF THE 4TH |
Bismark Border Guards batting - Pitching for Balzac Rams : RHP José Cota
|
Batting: LHB Cisco Villanueva
|
0-0: Ball 1-0: Called Strike 1-1: Ball 2-1: Ground out U3 (Groundball, 3)
|
Batting: RHB Leonard Harris
|
0-0: SOLO HOME RUN (Line Drive, 78XD), Distance : 440 ft
|
Batting: LHB Manuel Pérez
|
0-0: Called Strike 0-1: Ball 1-1: Ball 2-1: DOUBLE (Groundball, 3L)
|
Batting: RHB José Vidal
|
0-0: Foul Ball, location: 2F 0-1: Ball 1-1: SINGLE (Line Drive, 8LM) Manuel Pérez to third
|
Batting: RHB Chad Battle
|
0-0: Called Strike José Vidal steals 2nd base 0-1: Foul Ball, location: 2F 0-2: Ground out U3 (Groundball, 34) Manuel Pérez scores José Vidal to third
|
Batting: RHB Alfredo Farías
|
0-0: Called Strike 0-1: Ball 1-1: Ball 2-1: Ball 3-1: Base on Balls
|
Batting: RHB Howard Russell
|
0-0: SINGLE (Groundball, 34D) José Vidal scores Alfredo Farías to second Runner from 2nd tries for 3rd, SAFE, throw made to third
|
Batting: LHB José Delgado
|
0-0: 3-RUN HOME RUN (Flyball, 9D), Distance : 420 ft
|
Pitching: RHP John Harris
|
|
Batting: RHB Vincent Braun
|
0-0: Swinging Strike 0-1: Fly out, F6 (Popup, 6D)
|
Top of the 4th over - 6 run(s), 5 hit(s), 0 error(s), 0 left on base; Bismark 8 - Balzac 3 |
BOTTOM OF THE 4TH |
Balzac Rams batting - Pitching for Bismark Border Guards : RHP Nick Clark
|
Batting: LHB Carlos Romero
|
0-0: Called Strike 0-1: Ball 1-1: Ball 2-1: Fly out, F9 (Flyball, 89S)
|
Batting: RHB Lorenzo Silva
|
0-0: Foul Ball, location: 2F 0-1: Foul Ball, location: 2F 0-2: Strikes out swinging
|
Batting: RHB Jason Ward
|
0-0: Ball 1-0: Ball 2-0: Ball 3-0: Called Strike 3-1: Base on Balls
|
Batting: RHB Brian Parks
|
0-0: Ball 1-0: Ground out 1-3 (Groundball, P)
|
Bottom of the 4th over - 0 run(s), 0 hit(s), 0 error(s), 1 left on base; Bismark 8 - Balzac 3 |
TOP OF THE 5TH |
Bismark Border Guards batting - Pitching for Balzac Rams : RHP John Harris
|
Batting: LHB Cisco Villanueva
|
0-0: Ball 1-0: TRIPLE (Line Drive, 9LM)
|
Batting: RHB Leonard Harris
|
0-0: Foul Ball, location: 2F 0-1: Ball 1-1: Swinging Strike 1-2: Ball 2-2: Foul Ball, location: 2F 2-2: Strikes out looking
|
Batting: LHB Manuel Pérez
|
0-0: Foul Ball, location: 2F 0-1: Swinging Strike 0-2: Strikes out looking
|
Batting: RHB José Vidal
|
0-0: Ball 1-0: Foul Ball, location: 2F 1-1: Fly out, F5 (Line Drive, 5)
|
Top of the 5th over - 0 run(s), 1 hit(s), 0 error(s), 1 left on base; Bismark 8 - Balzac 3 |
BOTTOM OF THE 5TH |
Balzac Rams batting - Pitching for Bismark Border Guards : RHP Nick Clark
|
Batting: SHB Emílio Calvillo
|
0-0: Ball 1-0: Called Strike 1-1: Fly out, F3 (Popup, 3S)
|
Batting: LHB Troy Jackson
|
0-0: Called Strike 0-1: Swinging Strike 0-2: Ball 1-2: Fly out, F8 (Line Drive, 8LS)
|
Batting: RHB Ken Longoria
|
0-0: SINGLE (Groundball, 3D)
|
Batting: RHB Gunner Allen
|
0-0: Foul Ball, location: 2F 0-1: Foul Ball, location: 2F 0-2: Strikes out looking
|
Bottom of the 5th over - 0 run(s), 1 hit(s), 0 error(s), 1 left on base; Bismark 8 - Balzac 3 |
TOP OF THE 6TH |
Bismark Border Guards batting - Pitching for Balzac Rams : RHP John Harris
|
Batting: RHB Chad Battle
|
0-0: Ball 1-0: Ground out U3 (Groundball, 3S)
|
Batting: RHB Alfredo Farías
|
0-0: Called Strike 0-1: Ball 1-1: Swinging Strike 1-2: Fly out, F8 (Flyball, 89S)
|
Batting: RHB Howard Russell
|
0-0: Ball 1-0: Foul Ball, location: 2F 1-1: Ground out 6-3 (Groundball, 56)
|
Top of the 6th over - 0 run(s), 0 hit(s), 0 error(s), 0 left on base; Bismark 8 - Balzac 3 |
BOTTOM OF THE 6TH |
Balzac Rams batting - Pitching for Bismark Border Guards : RHP Nick Clark
|
Batting: RHB Tommy Wilson
|
0-0: Ball 1-0: Ball 2-0: Called Strike 2-1: Called Strike 2-2: Fly out, F9 (Flyball, 9S)
|
Batting: LHB Carlos Romero
|
0-0: Foul Ball, location: 2F 0-1: Ground out 4-3 (Groundball, 34)
|
Batting: RHB Lorenzo Silva
|
0-0: Called Strike 0-1: Ball 1-1: Fly out, F9 (Flyball, 9LS)
|
Bottom of the 6th over - 0 run(s), 0 hit(s), 0 error(s), 0 left on base; Bismark 8 - Balzac 3 |
TOP OF THE 7TH |
Bismark Border Guards batting - Pitching for Balzac Rams : RHP John Harris
|
Batting: LHB José Delgado
|
0-0: Swinging Strike 0-1: Foul Ball, location: 2F 0-2: Fly out, F8 (Flyball, 8RM)
|
Batting: RHB Vincent Braun
|
0-0: Ball 1-0: Called Strike 1-1: Ball 2-1: Ground out 6-3 (Groundball, 6MS)
|
Batting: LHB Cisco Villanueva
|
0-0: Ball 1-0: Fly out, F7 (Flyball, 7LS)
|
Top of the 7th over - 0 run(s), 0 hit(s), 0 error(s), 0 left on base; Bismark 8 - Balzac 3 |
BOTTOM OF THE 7TH |
Balzac Rams batting - Pitching for Bismark Border Guards : RHP Nick Clark
|
Pitching: RHP Brandon Sweet
|
|
Now at 1B: Vicente Pagán
|
|
Batting: RHB Jason Ward
|
0-0: Ball 1-0: Ball 2-0: Swinging Strike 2-1: Fly out, F4 (Flyball, 34D)
|
Batting: RHB Brian Parks
|
0-0: Fly out, F7 (Flyball, 7LM)
|
Batting: SHB Emílio Calvillo
|
0-0: Ball 1-0: Ball 2-0: Foul Ball, location: 2F 2-1: Foul Ball, location: 2F 2-2: Ball 3-2: Ground out 4-3 (Groundball, 4)
|
Bottom of the 7th over - 0 run(s), 0 hit(s), 0 error(s), 0 left on base; Bismark 8 - Balzac 3 |
TOP OF THE 8TH |
Bismark Border Guards batting - Pitching for Balzac Rams : RHP John Harris
|
Batting: RHB Leonard Harris
|
0-0: Fly out, F9 (Flyball, 9LM)
|
Batting: LHB Manuel Pérez
|
0-0: Called Strike 0-1: DOUBLE (Line Drive, 8RD)
|
Batting: RHB José Vidal
|
0-0: Ball 1-0: Ball 2-0: Ball 3-0: Called Strike 3-1: Called Strike 3-2: DOUBLE (Groundball, 5L) Manuel Pérez scores
|
Batting: RHB Chad Battle
|
0-0: Called Strike 0-1: Swinging Strike 0-2: Ball 1-2: Ball 2-2: Foul Ball, location: 2F 2-2: Foul Ball, location: 2F 2-2: Foul Ball, location: 2F 2-2: Foul Ball, location: 2F 2-2: Foul Ball, location: 2F 2-2: Foul Ball, location: 2F 2-2: Strikes out looking
|
Batting: RHB Alfredo Farías
|
0-0: Swinging Strike 0-1: Fly out, F8 (Line Drive, 8RS)
|
Top of the 8th over - 1 run(s), 2 hit(s), 0 error(s), 1 left on base; Bismark 9 - Balzac 3 |
BOTTOM OF THE 8TH |
Balzac Rams batting - Pitching for Bismark Border Guards : RHP Brandon Sweet
|
Now in RF: Juan Viera
|
|
Batting: LHB Troy Jackson
|
0-0: Ball 1-0: Foul Ball, location: 2F 1-1: Called Strike 1-2: Foul Ball, location: 2F 1-2: Strikes out swinging
|
Batting: RHB Ken Longoria
|
0-0: Called Strike 0-1: Fly out, F8 (Flyball, 8LS)
|
Batting: RHB Gunner Allen
|
0-0: SINGLE (Groundball, 15S) (infield hit)
|
Batting: RHB Tommy Wilson
|
0-0: Ball 1-0: Ball 2-0: Foul Ball, location: 2F 2-1: Swinging Strike 2-2: SINGLE (Groundball, 6D) Gunner Allen to second
|
Batting: LHB Carlos Romero
|
0-0: Swinging Strike 0-1: Fly out, F9 (Line Drive, 9S)
|
Bottom of the 8th over - 0 run(s), 2 hit(s), 0 error(s), 2 left on base; Bismark 9 - Balzac 3 |
TOP OF THE 9TH |
Bismark Border Guards batting - Pitching for Balzac Rams : RHP John Harris
|
Pitching: LHP Ben Turner
|
|
Batting: RHB Howard Russell
|
0-0: Fly out, F7 (Flyball, 7S)
|
Batting: LHB José Delgado
|
0-0: Called Strike 0-1: Ball 1-1: Fly out, F2 (Popup, 5S)
|
Batting: SHB Vicente Pagán
|
0-0: Ball 1-0: Ball 2-0: Swinging Strike 2-1: Called Strike 2-2: Foul Ball, location: 2F 2-2: Ground out 5-3 (Groundball, 56)
|
Top of the 9th over - 0 run(s), 0 hit(s), 0 error(s), 0 left on base; Bismark 9 - Balzac 3 |
BOTTOM OF THE 9TH |
Balzac Rams batting - Pitching for Bismark Border Guards : RHP Brandon Sweet
|
Batting: RHB Lorenzo Silva
|
0-0: Ball 1-0: Foul Ball, location: 2F 1-1: Foul Ball, location: 2F 1-2: Hit by Pitch
|
Batting: RHB Jason Ward
|
0-0: Ball 1-0: Foul Ball, location: 2F 1-1: Swinging Strike 1-2: Fly out, F9 (Flyball, 9LM)
|
Batting: RHB Brian Parks
|
0-0: Ball 1-0: Ball 2-0: Ball 3-0: Base on Balls Lorenzo Silva to second
|
Batting: SHB Emílio Calvillo
|
0-0: Ball 1-0: Ball 2-0: Ball 3-0: Called Strike 3-1: Called Strike 3-2: Foul Ball, location: 2F 3-2: Strikes out looking
|
Batting: LHB Troy Jackson
|
0-0: Ball 1-0: Ball 2-0: Called Strike 2-1: Fly out, F4 (Flyball, 4MD)
|
Bottom of the 9th over - 0 run(s), 0 hit(s), 0 error(s), 2 left on base; Bismark 9 - Balzac 3 |
|